[Event "Titled Tuesday Blitz June 20 Early 2023"]
[White "Rosenberg, Evan S"]
[Black "Timerkhanov, Alexander"]
[WhiteFideId "2019299"]
[BlackFideId "24177938"]
[WhiteElo "2344"]
[BlackElo "2278"]
[Result "0-1"]
[Round "2"]
[TimeControl "180+2"]
[Date "2023.06.20"]
[WhiteClock "0:01:40"]
[BlackClock "0:01:16"]
[Board "158"]

1. d4 d5 2. Nf3 Nf6 3. Bg5 Ne4 4. Bh4 c5 5. e3 Qb6 6. Nc3 e6 7. Nxe4 dxe4 8. Nd2 cxd4 9. Nc4 Bb4+ 10. c3 dxc3 11. Nxb6 c2+ 12. Ke2 cxd1=Q+ 13. Rxd1 Bd7 14. Rxd7 Nxd7 15. Nxa8 Bd6 16. g4 f6 17. Bg2 Ke7 18. Bxe4 Rxa8 19. Bg3 Bxg3 20. hxg3 h6 21. b4 Rc8 22. a3 Rc3 23. Ra1 b6 24. Kd2 Rc7 25. Rc1 Rxc1 26. Kxc1 Ne5 27. f3 Nc4 28. Bd3 Nxe3 29. Kb2 Kd6 30. Kb3 f5 31. gxf5 Nxf5 32. Bxf5 exf5 33. Kc4 g5 34. Kd4 h5 35. a4 a6 36. Ke3 Ke5 37. f4+ gxf4+ 38. gxf4+ Kd5 39. Kf3 Kd4 40. b5 axb5 41. axb5 Kd3 42. Kg3 Ke4 43. Kh4 Kxf4 44. Kxh5 Ke4 45. Kg5 f4 46. Kg4 f3 47. Kg3 Ke3 48. Kg4 f2 49. Kf5 f1=Q+ 50. Ke6 Qxb5 51. Kd6 Qc5+ 0-1


[Site "https://www.chess.com"]

[Event "Titled Tuesday Blitz June 20 Early 2023"]
[White "Daianu, Cristian-Clement"]
[Black "Filgueira, Hernan"]
[WhiteFideId "1208926"]
[BlackFideId "101770"]
[WhiteElo "2097"]
[BlackElo "2363"]
[Result "1/2-1/2"]
[Round "2"]
[TimeControl "180+2"]
[Date "2023.06.20"]
[WhiteClock "0:00:17"]
[BlackClock "0:00:35"]
[Board "159"]

1. d4 Nf6 2. Bf4 c5 3. e3 g6 4. Nf3 Bg7 5. h3 O-O 6. c3 d6 7. Bd3 Nc6 8. O-O cxd4 9. cxd4 Nd5 10. Bh2 e5 11. Nc3 Nde7 12. dxe5 dxe5 13. Qe2 h6 14. Rfd1 Qa5 15. Bc4 Bf5 16. e4 Be6 17. Bxe6 fxe6 18. Nh4 g5 19. Nf3 Nd4 20. Nxd4 exd4 21. Nb5 Nc6 22. Bd6 Rf7 23. e5 Qa6 24. Nxd4 Nxd4 25. Qxa6 Nf3+ 26. gxf3 bxa6 27. Rd3 Rc8 28. Rad1 Rc2 29. R1d2 Rxd2 30. Rxd2 Rxf3 31. Kg2 Rf5 32. Re2 Kf7 33. Re4 Kg6 34. b3 Rf7 35. Ra4 Kf5 36. Rxa6 Rb7 37. Bc5 Bxe5 38. Rxa7 Rb5 39. Be3 Bb2 40. Rc7 e5 41. Rc5 Rb8 42. Rc2 Ba3 43. Rc4 Bb4 44. Bc5 Bd2 45. b4 Ke6 46. Rc2 Bf4 47. a4 Kd5 48. a5 Ra8 49. Be3 Rb8 50. Bc5 Ra8 51. Ra2 Kc4 52. a6 e4 53. a7 h5 54. Re2 Kd3 55. Ra2 Kc4 56. Re2 Kd3 57. Ra2 Kc4 1/2-1/2


[Site "https://www.chess.com"]

[Event "Titled Tuesday Blitz June 20 Early 2023"]
[White "Ovezdurdyyeva, Jemal"]
[Black "Martic, Ivan"]
[WhiteFideId "14001888"]
[BlackFideId "929301"]
[WhiteElo "2069"]
[BlackElo "2346"]
[Result "0-1"]
[Round "2"]
[TimeControl "180+2"]
[Date "2023.06.20"]
[WhiteClock "0:00:09"]
[BlackClock "0:01:48"]
[Board "160"]

1. e4 c5 2. Nf3 e6 3. d4 cxd4 4. Nxd4 a6 5. Nc3 b5 6. Be2 Qb6 7. O-O Bb7 8. Be3 Qc7 9. Bf3 d6 10. Rc1 Nf6 11. Qd3 Nbd7 12. Qe2 b4 13. Na4 Nxe4 14. c3 bxc3 15. Bxe4 Bxe4 16. Nxc3 Qb7 17. Nxe4 Qxe4 18. Nc6 d5 19. Rfe1 Bd6 20. Qd2 O-O 21. Bc5 Qf4 22. Be3 Qxh2+ 23. Kf1 Nf6 24. Ke2 Ne4 25. Qd4 Qh5+ 26. f3 Ng3+ 27. Kf2 Nf5 28. Qg4 Bg3+ 29. Ke2 Bxe1 30. Qxh5 Ng3+ 31. Kxe1 Nxh5 0-1


[Site "https://www.chess.com"]

[Event "Titled Tuesday Blitz June 20 Early 2023"]
[White "Pastar, Slaven"]
[Black "Tobares, Leandro"]
[WhiteFideId "14402718"]
[BlackFideId "106402"]
[WhiteElo "2219"]
[BlackElo "2292"]
[Result "0-1"]
[Round "2"]
[TimeControl "180+2"]
[Date "2023.06.20"]
[WhiteClock "0:00:03"]
[BlackClock "0:00:15"]
[Board "161"]

1. b3 e5 2. Bb2 Nc6 3. Nf3 Bd6 4. d4 e4 5. d5 exf3 6. dxc6 fxg2 7. Bxg2 dxc6 8. Bxg7 Qg5 9. Bxh8 Qxg2 10. Kd2 Bf4+ 11. Kc3 Ne7 12. Kb2 Be6 13. e3 Bd6 14. Qg1 Qd5 15. Nc3 Qa5 16. a3 O-O-O 17. b4 Bxb4 18. axb4 Qxb4+ 19. Kc1 Rxh8 20. Qg7 Rg8 21. Qd4 Qxd4 22. exd4 Nf5 23. Rxa7 Kb8 24. Ra4 Rg2 25. Kb2 Rxf2 26. Rha1 Kc8 27. Ne4 Rxh2 28. Ra8+ Kd7 29. Nc5+ Ke7 30. Nxb7 Nxd4 31. Rc1 Bf5 32. Ra5 Bxc2 33. Ka3 Nb5+ 34. Kb4 Be4 35. Re1 f5 36. Nc5 Rb2+ 37. Kc4 Nd6+ 38. Kd4 Rb4+ 39. Ke5 Nc4+ 40. Kf4 Nxa5 41. Kg5 Nb7 42. Na6 Rb2 43. Nxc7 Rg2+ 44. Kf4 Rg4+ 45. Ke5 Nc5 46. Na6 Nd7+ 47. Kd4 Kd6 48. Kc3 Rg3+ 49. Kd4 c5+ 50. Kc4 Kc6 51. Rd1 Nb6# 0-1


[Site "https://www.chess.com"]

[Event "Titled Tuesday Blitz June 20 Early 2023"]
[White "Adla, Diego"]
[Black "Omariev, Maksim"]
[WhiteFideId "100072"]
[BlackFideId "4193423"]
[WhiteElo "2377"]
[BlackElo "2335"]
[Result "0-1"]
[Round "2"]
[TimeControl "180+2"]
[Date "2023.06.20"]
[WhiteClock "0:00:24"]
[BlackClock "0:00:06"]
[Board "162"]

1. c4 e5 2. Nc3 Nc6 3. Nf3 Nf6 4. e4 Bb4 5. d3 d6 6. Be2 O-O 7. O-O h6 8. Ne1 Nd4 9. Nc2 Nxc2 10. Qxc2 c6 11. f4 exf4 12. Bxf4 Re8 13. Kh1 d5 14. cxd5 cxd5 15. e5 Ng4 16. d4 Bxc3 17. Qxc3 Qh4 18. Rf3 Nf2+ 19. Kg1 Ne4 20. Qe3 Bg4 21. Rff1 Bxe2 22. Qxe2 a6 23. g3 Qh3 24. Rac1 Rac8 25. Qg2 Qxg2+ 26. Kxg2 Kf8 27. Kf3 Ke7 28. Ke2 Kd7 29. Kd3 Rxc1 30. Bxc1 Ke6 31. g4 Rc8 32. Be3 b5 33. h4 a5 34. Rg1 a4 35. a3 Rc4 36. h5 b4 37. g5 hxg5 38. Bxg5 b3 39. Rg2 Rc8 40. Be3 Rh8 41. Rxg7 Rxh5 42. Rg8 Rh2 43. Re8+ Kd7 44. Ra8 Rxb2 45. Rxa4 Rc2 46. Rb4 Rc3+ 47. Ke2 Rc2+ 48. Kf3 b2 49. e6+ fxe6 50. Bf4 Nc3 51. Rb7+ Kd8 52. Rb8+ Kd7 53. Rb7+ Kc6 54. Rc7+ Kb6 55. Rc8 b1=Q 56. Rb8+ Ka5 57. Rxb1 Nxb1 58. Bc7+ Ka4 59. Kf4 Re2 60. Be5 Re4+ 61. Kg5 Nxa3 62. Kf6 Nc4 63. Kxe6 Nxe5 64. Kxd5 Re1 65. dxe5 Kb5 66. Kd6 Rd1+ 67. Kc7 Re1 68. Kd6 Kb6 69. e6 Rd1+ 70. Ke7 Kc7 71. Kf8 Re1 72. e7 Kd7 0-1


[Site "https://www.chess.com"]

[Event "Titled Tuesday Blitz June 20 Early 2023"]
[White "Belov, Alexei"]
[Black "Mazurkiewicz, Michal"]
[WhiteFideId "4128206"]
[BlackFideId "1124943"]
[WhiteElo "2576"]
[BlackElo "2063"]
[Result "1/2-1/2"]
[Round "2"]
[TimeControl "180+2"]
[Date "2023.06.20"]
[WhiteClock "0:00:09"]
[BlackClock "0:00:10"]
[Board "163"]

1. e4 d6 2. d4 Nf6 3. Nc3 c6 4. Nf3 Bg4 5. h3 Bh5 6. Bd3 e6 7. Be3 d5 8. exd5 cxd5 9. g4 Bg6 10. Ne5 Bxd3 11. Qxd3 Nc6 12. a3 Nxe5 13. dxe5 Nd7 14. f4 Rc8 15. O-O a6 16. Kg2 Bc5 17. Rae1 O-O 18. Bxc5 Nxc5 19. Qd4 Qb6 20. Nd1 Rc6 21. c3 Ne4 22. Qd3 Qb5 23. Qxb5 axb5 24. Ne3 Nd2 25. Rf2 Nc4 26. f5 Rd8 27. Nxc4 bxc4 28. Rd1 Rb6 29. Rd4 Rb3 30. Rdf4 h6 31. h4 Rd7 32. h5 Rc7 33. Kg3 Rc6 34. fxe6 fxe6 35. Rf8+ Kh7 36. Rd8 Rc7 37. Rff8 g6 38. hxg6+ Kxg6 39. Rf6+ Kg7 40. Rxe6 Rf7 41. Rxd5 Rxb2 42. Rf6 Rxf6 43. exf6+ Kxf6 44. Rc5 b5 45. a4 bxa4 46. Rxc4 a3 47. Ra4 a2 48. Kf4 Rf2+ 49. Ke3 Rg2 50. Kf4 Rc2 51. Ra6+ Kg7 52. Kf5 Rf2+ 53. Ke4 Rg2 54. Kf5 Rf2+ 55. Ke4 Rg2 56. Kf5 Rf2+ 1/2-1/2


[Site "https://www.chess.com"]

[Event "Titled Tuesday Blitz June 20 Early 2023"]
[White "Alahakoon, Isuru"]
[Black "AyMitecK"]
[WhiteFideId "9900993"]
[WhiteElo "1819"]
[BlackElo "2567"]
[Result "1-0"]
[Round "2"]
[TimeControl "180+2"]
[Date "2023.06.20"]
[WhiteClock "0:00:15"]
[BlackClock "0:00:17"]
[Board "164"]

1. Nf3 Nf6 2. d4 e6 3. Nc3 d5 4. Bg5 Be7 5. Bxf6 Bxf6 6. e4 O-O 7. Bd3 c5 8. e5 Be7 9. dxc5 Bxc5 10. h4 f6 11. Bxh7+ Kxh7 12. Ng5+ Kg8 13. Qh5 fxg5 14. hxg5 Bxf2+ 15. Ke2 Qb6 16. Rh3 Qa6+ 17. Kd2 Be3+ 18. Rxe3 d4 19. Rf3 dxc3+ 20. bxc3 Rd8+ 21. Ke1 Qb6 22. Qf7+ Kh7 23. Rh3# 1-0


[Site "https://www.chess.com"]

[Event "Titled Tuesday Blitz June 20 Early 2023"]
[White "San Thit Lwin"]
[Black "Parpiev, Isaak"]
[WhiteFideId "13001272"]
[BlackFideId "34281576"]
[WhiteElo "2232"]
[BlackElo "2167"]
[Result "0-1"]
[Round "2"]
[TimeControl "180+2"]
[Date "2023.06.20"]
[WhiteClock "0:01:02"]
[BlackClock "0:02:22"]
[Board "165"]

1. Nf3 Nf6 2. c4 g6 3. Nc3 Bg7 4. e4 d6 5. d4 O-O 6. Be2 e5 7. O-O Nc6 8. d5 Ne7 9. b4 Nh5 10. Re1 h6 11. c5 Nf4 12. Bc4 g5 13. a4 f5 14. exf5 Bxf5 15. Bb2 Neg6 16. Rc1 Bg4 17. Ne4 Nxg2 18. Rc3 N2h4 19. Be2 Nxf3+ 20. Bxf3 Rxf3 21. Rxf3 Nh4 22. Rf8+ Qxf8 23. Qxg4 Nf3+ 24. Kf1 Nxh2+ 0-1


[Site "https://www.chess.com"]

[Event "Titled Tuesday Blitz June 20 Early 2023"]
[White "Khamzin, Olzhas"]
[Black "Shapiro, Daniel"]
[WhiteFideId "13701690"]
[BlackFideId "2001780"]
[WhiteElo "2201"]
[BlackElo "2333"]
[Result "1-0"]
[Round "2"]
[TimeControl "180+2"]
[Date "2023.06.20"]
[WhiteClock "0:01:03"]
[BlackClock "0:00:56"]
[Board "166"]

1. e4 e5 2. d4 exd4 3. Qxd4 Nc6 4. Qe3 Nf6 5. Nc3 Bb4 6. Bd2 d6 7. O-O-O O-O 8. f4 Re8 9. Bd3 Bg4 10. Nf3 Bc5 11. Qe1 Nd4 12. Qg3 Bd7 13. e5 Ng4 14. Ne4 Bb6 15. Bc3 Nb5 16. Bxb5 Ne3 17. e6 Nf5 18. exd7 Nxg3 19. dxe8=Q+ Qxe8 20. Bxe8 Rxe8 21. Nxg3 Be3+ 22. Kb1 Bxf4 23. Rhe1 1-0


[Site "https://www.chess.com"]

[Event "Titled Tuesday Blitz June 20 Early 2023"]
[White "Sovetbekova, Nurai"]
[Black "Ambartsumova, Karina"]
[WhiteFideId "13801910"]
[BlackFideId "4166299"]
[WhiteElo "1857"]
[BlackElo "2240"]
[Result "1/2-1/2"]
[Round "2"]
[TimeControl "180+2"]
[Date "2023.06.20"]
[WhiteClock "0:00:05"]
[BlackClock "0:00:07"]
[Board "167"]

1. d4 Nf6 2. c4 g6 3. Nc3 Bg7 4. e4 d6 5. Nf3 O-O 6. Be2 Nc6 7. d5 Nb8 8. Be3 a5 9. Nd2 e5 10. h4 h5 11. f3 c6 12. g4 cxd5 13. cxd5 Na6 14. Bg5 Qb6 15. Nc4 Qd8 16. gxh5 gxh5 17. Rg1 Kh8 18. Qd2 Rg8 19. O-O-O Nc5 20. Nb5 Ra6 21. Bh6 Bxh6 22. Qxh6+ Nh7 23. Qxh5 Rxg1 24. Rxg1 Qf6 25. Nc7 Qf4+ 26. Kb1 Qh2 27. Re1 Qf2 28. Rc1 Qxe2 29. Qxf7 Bd7 30. Nxa6 Nd3 31. Qxd7 Nxc1 32. Qc8+ Kg7 33. Kxc1 Qf1+ 34. Kc2 Qxf3 35. Nc7 Qxe4+ 36. Kb3 Qd3+ 37. Ka4 Qxc4+ 38. Kxa5 b6+ 39. Kxb6 Qc5+ 40. Kb7 Nf6 41. Na6 Qxd5+ 42. Kb8 Qf7 43. Qc7 e4 44. Qxf7+ Kxf7 45. Nb4 e3 46. Nc2 e2 47. a4 d5 48. a5 Nd7+ 49. Kc7 Nc5 50. b4 Na6+ 51. Kb6 Nxb4 52. a6 Nxa6 53. Kxa6 d4 54. Ne1 Kg6 55. Kb5 Kh5 56. Kc4 Kxh4 57. Kxd4 Kg3 58. Ke3 Kh2 59. Kxe2 1/2-1/2


[Site "https://www.chess.com"]

[Event "Titled Tuesday Blitz June 20 Early 2023"]
[White "Shishkov, Andrei"]
[Black "Bauman_Guy"]
[WhiteFideId "4500563"]
[WhiteElo "2228"]
[BlackElo "2330"]
[Result "0-1"]
[Round "2"]
[TimeControl "180+2"]
[Date "2023.06.20"]
[WhiteClock "0:00:00"]
[BlackClock "0:00:18"]
[Board "168"]

1. d4 Nf6 2. c4 e6 3. Nc3 Bb4 4. Qc2 d5 5. cxd5 exd5 6. Bg5 h6 7. Bh4 c5 8. dxc5 Nc6 9. e3 g5 10. Bg3 Ne4 11. Bd3 Qa5 12. Ne2 Nxc5 13. O-O Be6 14. Nb5 O-O 15. a3 Nxd3 16. Qxd3 Be7 17. Nc7 Kg7 18. b4 Qb6 19. Nxa8 Rxa8 20. Nd4 Nxd4 21. Qxd4+ Qxd4 22. exd4 Rc8 23. Rac1 Rc4 24. Rxc4 dxc4 25. Rc1 b5 26. Be5+ f6 27. Bc7 a6 28. f3 Kf7 29. Kf2 Bd5 30. Ke3 f5 31. g3 g4 32. fxg4 fxg4 33. Rf1+ Ke6 34. Kf4 Bf3 35. Ke3 Kd5 36. h4 h5 37. Be5 Bf8 38. Kd2 Bh6+ 39. Kc3 Be3 40. Re1 Bh6 41. Bf4 Bg7 42. Be5 Bh6 43. a4 Bg2 44. axb5 axb5 45. Ra1 Be3 46. Ra5 Kc6 47. Ra6+ Kd5 48. Ra8 Bf2 49. Rh8 Be1+ 50. Kc2 Bxb4 51. Rxh5 Be4+ 52. Kc1 Ba3+ 53. Kd2 b4 54. Bf4+ Kc6 55. Rc5+ Kb6 56. Rxc4 Bd5 57. Rc5 Be4 58. Bc7+ Kb7 59. Bd6 Kb6 60. Rc8 Kb7 61. Rc7+ Kb6 62. Re7 Bd5 63. Bc5+ Kb5 64. h5 Bb2 65. h6 Bc3+ 66. Ke3 b3 67. Re8 b2 68. Rb8+ Kc4 69. h7 Bc6 70. h8=Q Bb5 0-1


[Site "https://www.chess.com"]

[Event "Titled Tuesday Blitz June 20 Early 2023"]
[White "Cardozo Munar, Carlos Eduardo"]
[Black "Mazarini41"]
[WhiteFideId "4409477"]
[WhiteElo "2067"]
[BlackElo "2533"]
[Result "1-0"]
[Round "2"]
[TimeControl "180+2"]
[Date "2023.06.20"]
[WhiteClock "0:00:28"]
[BlackClock "0:00:33"]
[Board "169"]

1. d4 d5 2. c3 Nf6 3. Bg5 Ne4 4. h4 c5 5. Nd2 Bf5 6. Ngf3 Qb6 7. Qb3 c4 8. Qxb6 axb6 9. Nxe4 Bxe4 10. Nd2 Bf5 11. e4 dxe4 12. Bxc4 e6 13. O-O Nd7 14. Rfe1 Be7 15. Nxe4 Bxg5 16. Nd6+ Kf8 17. Nxf5 Bf6 18. Nd6 Bxh4 19. Nxb7 Be7 20. Bb5 Nf6 21. Bc6 Ra7 22. a4 g6 23. a5 bxa5 24. Rxa5 Rxa5 25. Nxa5 Kg7 26. b4 Rc8 27. b5 Bd8 28. Nc4 Nd5 29. Nd6 Rc7 30. c4 Nc3 31. Ra1 Ne2+ 32. Kf1 Nxd4 33. Ne8+ Kf8 34. Nxc7 Bxc7 35. Ra7 Bb6 36. Rb7 Bc5 37. Be4 f5 38. Bd3 e5 39. f3 h5 40. Rc7 Bb6 41. Rc8+ Ke7 42. c5 Kd7 43. Rg8 Bxc5 44. Rxg6 h4 45. Rh6 e4 46. fxe4 fxe4 47. Bc4 Nf5 48. Be6+ 1-0


[Site "https://www.chess.com"]

[Event "Titled Tuesday Blitz June 20 Early 2023"]
[White "Mayaud, Raphael"]
[Black "Ning, Kaiyu"]
[WhiteFideId "627151"]
[BlackFideId "8614750"]
[WhiteElo "2191"]
[BlackElo "2287"]
[Result "0-1"]
[Round "2"]
[TimeControl "180+2"]
[Date "2023.06.20"]
[WhiteClock "0:00:03"]
[BlackClock "0:02:02"]
[Board "170"]

1. e4 c5 2. Bc4 e6 3. Nf3 a6 4. O-O b5 5. Be2 Bb7 6. Nc3 b4 7. Na4 Bxe4 8. Bd3 Bxd3 9. cxd3 Nc6 10. b3 d6 11. Bb2 e5 12. Re1 Be7 13. h3 Nf6 14. Qc2 O-O 15. Ng5 h6 16. Ne4 Nd5 17. Qc4 Nf4 18. a3 d5 19. Qc2 dxe4 20. Rxe4 Qxd3 21. Qxd3 Nxd3 22. Bxe5 Ndxe5 23. Nb6 Rad8 24. Rd1 Rd3 25. f4 Nd7 26. Nxd7 Rxd7 27. f5 bxa3 28. Ra1 Rxd2 29. Rxa3 Rd4 30. Rxd4 Nxd4 31. Rxa6 Nxb3 32. Rc6 Bf6 33. Rc7 Bd4+ 34. Kh2 Be5+ 35. g3 Bxc7 36. Kg2 c4 37. g4 c3 38. Kf2 c2 39. Ke2 c1=Q 40. Kf3 Re8 41. Kg2 Re3 42. Kf2 Qd2+ 43. Kf1 Re1# 0-1


[Site "https://www.chess.com"]

[Event "Titled Tuesday Blitz June 20 Early 2023"]
[White "Pavlidou, Ekaterini"]
[Black "Dixit, Nikhil"]
[WhiteFideId "4213262"]
[BlackFideId "5059534"]
[WhiteElo "2126"]
[BlackElo "2207"]
[Result "1-0"]
[Round "2"]
[TimeControl "180+2"]
[Date "2023.06.20"]
[WhiteClock "0:01:25"]
[BlackClock "0:01:25"]
[Board "171"]

1. d4 Nf6 2. c4 g6 3. Nc3 Bg7 4. e4 d6 5. Bd3 O-O 6. Nge2 e5 7. d5 a5 8. h3 Na6 9. Be3 Nc5 10. Bc2 Bd7 11. g4 a4 12. Qd2 Ne8 13. Rg1 c6 14. O-O-O Qa5 15. a3 cxd5 16. Nxd5 Qxd2+ 17. Rxd2 Be6 18. Nec3 Nb3+ 19. Bxb3 axb3 20. Rgd1 Kh8 21. Nb6 Rb8 22. Nb5 Bf6 23. Nxd6 Nxd6 24. Rxd6 Be7 25. Rxe6 fxe6 26. Nd7 Bh4 27. Nxb8 Rxb8 28. Kd2 b5 29. c5 Bd8 30. Kc3 1-0


[Site "https://www.chess.com"]

[Event "Titled Tuesday Blitz June 20 Early 2023"]
[White "Toropov, Pavel"]
[Black "Afanasieva, Alexandra"]
[WhiteFideId "24129178"]
[BlackFideId "34126926"]
[WhiteElo "2182"]
[BlackElo "1736"]
[Result "1-0"]
[Round "2"]
[TimeControl "180+2"]
[Date "2023.06.20"]
[WhiteClock "0:02:15"]
[BlackClock "0:00:12"]
[Board "172"]

1. e3 d5 2. b3 Nf6 3. Bb2 g6 4. f4 Bg7 5. Nf3 O-O 6. Nc3 c5 7. g3 Bg4 8. Bg2 d4 9. exd4 cxd4 10. Ne2 Nc6 11. h3 d3 12. hxg4 Nb4 13. Ned4 Nxg4 14. c3 1-0


[Site "https://www.chess.com"]

[Event "Titled Tuesday Blitz June 20 Early 2023"]
[White "Martin, Lewis"]
[Black "Kuznetsova, Olga"]
[WhiteFideId "410551"]
[BlackFideId "4191323"]
[WhiteElo "2145"]
[BlackElo "2134"]
[Result "0-1"]
[Round "2"]
[TimeControl "180+2"]
[Date "2023.06.20"]
[WhiteClock "0:00:16"]
[BlackClock "0:00:25"]
[Board "173"]

1. e4 e6 2. d4 d5 3. Nd2 dxe4 4. Nxe4 Nd7 5. Nf3 Ngf6 6. Nxf6+ Nxf6 7. Bd3 c5 8. dxc5 Bxc5 9. O-O O-O 10. Bg5 h6 11. Bh4 Be7 12. Qe2 Qa5 13. a3 Qh5 14. Bg3 Bd7 15. Ne5 Qxe2 16. Bxe2 Rfd8 17. Bf3 Be8 18. Rfd1 Rxd1+ 19. Rxd1 Rc8 20. c4 b6 21. b4 Ba4 22. Rc1 Nd7 23. Nd3 Bc6 24. Bxc6 Rxc6 25. Kf1 f6 26. Ke2 e5 27. f3 Kf7 28. Bf2 Ke6 29. Nb2 Rc8 30. Rd1 a5 31. Be1 axb4 32. axb4 Ra8 33. Bc3 Ra2 34. Rd2 g5 35. g4 Nf8 36. Kd3 Ra3 37. Kc2 Ng6 38. Nd3 Nh4 39. Rf2 Ra2+ 40. Kb3 Rxf2 41. Nxf2 Nxf3 42. Ne4 Nxh2 43. Ng3 Nxg4 0-1


[Site "https://www.chess.com"]

[Event "Titled Tuesday Blitz June 20 Early 2023"]
[White "Berezin, Viktor"]
[Black "Vaglio Munoz, Jaime"]
[WhiteFideId "14107872"]
[BlackFideId "6500145"]
[WhiteElo "2310"]
[BlackElo "2199"]
[Result "1-0"]
[Round "2"]
[TimeControl "180+2"]
[Date "2023.06.20"]
[WhiteClock "0:00:08"]
[BlackClock "0:00:25"]
[Board "174"]

1. d4 c6 2. c4 b5 3. e3 bxc4 4. Bxc4 d5 5. Bd3 Ba6 6. Nc3 Qa5 7. Nf3 Bxd3 8. Qxd3 Qa6 9. Qxa6 Nxa6 10. Ke2 Rb8 11. b3 e6 12. Bd2 c5 13. dxc5 Nxc5 14. Rac1 Nf6 15. Nd4 Kd7 16. Rc2 Bd6 17. Ndb5 a6 18. Nxd6 Kxd6 19. Rhc1 Rb7 20. b4 Ncd7 21. f4 Nb6 22. b5 a5 23. a4 Nc4 24. Be1 h5 25. Nd1 h4 26. Nb2 Nxb2 27. Rxb2 Ra8 28. Rc6+ Kd7 29. Rbc2 Ne8 30. Bxh4 Nd6 31. Be1 f5 32. Kd3 Nc4 33. h3 Rg8 34. h4 g6 35. g3 e5 36. fxe5 Nxe5+ 37. Ke2 Nc4 38. Bc3 Re8 39. Bd4 Nd6 40. b6 Ne4 41. Rxg6 Re7 42. Rgc6 Nxg3+ 43. Kf3 Ne4 44. Rc7+ Rxc7 45. Rxc7+ Kd6 46. Rxe7 Nd2+ 47. Ke2 Nc4 48. b7 Kxe7 49. b8=Q Nd6 50. Bc5 f4 51. Qxd6+ Kf7 52. Qxf4+ Kg6 53. Qg5+ Kf7 54. h5 d4 55. h6 d3+ 56. Kd1 Ke6 57. h7 Kd7 58. h8=Q Kc6 59. Qhf6+ Kd7 60. Qd6+ Kc8 61. Qgd8+ Kb7 62. Q6b6# 1-0


[Site "https://www.chess.com"]

[Event "Titled Tuesday Blitz June 20 Early 2023"]
[White "Kohler, Aran"]
[Black "Siniauski, Artsiom"]
[WhiteFideId "1002856"]
[BlackFideId "13512269"]
[WhiteElo "2320"]
[BlackElo "2065"]
[Result "0-1"]
[Round "2"]
[TimeControl "180+2"]
[Date "2023.06.20"]
[WhiteClock "0:00:57"]
[BlackClock "0:01:14"]
[Board "175"]

1. d4 Nf6 2. c3 e6 3. Bg5 d5 4. Nd2 Be7 5. e3 Nbd7 6. f4 c5 7. Bd3 Qb6 8. Rb1 Nf8 9. Nh3 Bd7 10. O-O O-O-O 11. Nf3 Ng6 12. Ne5 Be8 13. Bxg6 hxg6 14. Kh1 Qc7 15. Nf2 Ne4 16. Nxe4 dxe4 17. Bxe7 Qxe7 18. Qe1 f6 19. Ng4 Bb5 20. Rf2 e5 21. c4 Ba6 22. d5 Bxc4 23. Rc1 Bxd5 24. Rxc5+ Qxc5 25. fxe5 f5 26. Qb1 fxg4 27. Rc2 Bc4 28. b3 Qxe5 29. Rxc4+ Kb8 0-1


[Site "https://www.chess.com"]

[Event "Titled Tuesday Blitz June 20 Early 2023"]
[White "Turzo, Attila"]
[Black "Vifleemskaia, Svetlana"]
[WhiteFideId "704954"]
[BlackFideId "4129490"]
[WhiteElo "2519"]
[BlackElo "1930"]
[Result "1-0"]
[Round "2"]
[TimeControl "180+2"]
[Date "2023.06.20"]
[WhiteClock "0:00:15"]
[BlackClock "0:00:00"]
[Board "176"]

1. d4 Nf6 2. c4 e6 3. g3 Bb4+ 4. Bd2 Qe7 5. Bg2 Nc6 6. d5 Bxd2+ 7. Qxd2 Ne5 8. b3 d6 9. Nc3 O-O 10. e4 exd5 11. cxd5 c5 12. dxc6 bxc6 13. f4 Ng6 14. Nge2 Ba6 15. O-O Rac8 16. Rfe1 Rfd8 17. Rad1 Bxe2 18. Qxe2 d5 19. exd5 Qc5+ 20. Qe3 cxd5 21. Qxc5 Rxc5 22. Ne4 Nxe4 23. Bxe4 h5 24. Kf2 h4 25. Rd2 hxg3+ 26. hxg3 Ne7 27. Bh7+ Kxh7 28. Rxe7 a5 29. Rxf7 Kg6 30. Re7 d4 31. Kf3 Kf6 32. Re4 Rc3+ 33. Kg4 d3 34. Re3 g6 35. Kf3 Rd4 36. Re4 Rxe4 37. Kxe4 Rc2 38. Kxd3 1-0


[Site "https://www.chess.com"]

[Event "Titled Tuesday Blitz June 20 Early 2023"]
[White "Jiganchine, Roman"]
[Black "Escanor89"]
[WhiteFideId "2603667"]
[WhiteElo "2315"]
[BlackElo "2519"]
[Result "0-1"]
[Round "2"]
[TimeControl "180+2"]
[Date "2023.06.20"]
[WhiteClock "0:00:00"]
[BlackClock "0:00:05"]
[Board "177"]

1. e4 c5 2. Nf3 e6 3. g3 d5 4. exd5 exd5 5. d4 Nc6 6. Bg2 cxd4 7. Nxd4 Bc5 8. Be3 Nxd4 9. Bxd4 Qe7+ 10. Kf1 Nf6 11. Nc3 O-O 12. h4 Bg4 13. Qd2 Rfe8 14. Kg1 Rad8 15. Kh2 Ne4 16. Qe3 Nxc3 17. Qxc3 Bxd4 18. Qxd4 Qe2 19. Rac1 h5 20. b4 b6 21. a4 Bf5 22. c3 Be4 23. Rhe1 Qa6 24. b5 Qb7 25. f3 Bg6 26. Bh3 Qc7 27. Kg2 Rxe1 28. Rxe1 Qb7 29. Kf2 a6 30. f4 Be4 31. f5 Re8 32. f6 g6 33. Qd2 Kh7 34. g4 axb5 35. gxh5 Qc7 36. hxg6+ fxg6 37. Bg4 Qh2+ 38. Ke3 Qg3+ 39. Kd4 Qxg4 0-1


[Site "https://www.chess.com"]

[Event "Titled Tuesday Blitz June 20 Early 2023"]
[White "Zaragatski, Ilja"]
[Black "Zhukov, Maksim"]
[WhiteFideId "4655192"]
[BlackFideId "34181790"]
[WhiteElo "2460"]
[BlackElo "1925"]
[Result "1-0"]
[Round "2"]
[TimeControl "180+2"]
[Date "2023.06.20"]
[WhiteClock "0:00:09"]
[BlackClock "0:00:00"]
[Board "178"]

1. e4 c5 2. Nf3 d6 3. d4 cxd4 4. Nxd4 Nf6 5. Nc3 a6 6. f3 e5 7. Nb3 h5 8. Be3 Be6 9. Qd2 Be7 10. Nd5 Bxd5 11. exd5 Nbd7 12. Na5 Qc7 13. c4 Rc8 14. Be2 O-O 15. O-O Nc5 16. b4 Ncd7 17. Rac1 Qb8 18. Nb3 b6 19. a4 Rc7 20. a5 Rfc8 21. axb6 Nxb6 22. Na5 Bf8 23. Rfd1 Nbxd5 24. cxd5 Rxc1 25. Rxc1 Rxc1+ 26. Qxc1 Nxd5 27. Nc6 Qc7 28. Bd2 Qb6+ 29. Kh1 Nc7 30. Be3 Qb7 31. h3 Nd5 32. Bd2 Nf6 33. Qc4 d5 34. Qxa6 Qd7 35. Nxe5 Qf5 36. Nd3 h4 37. Qb6 Nh5 38. Be1 Ng3+ 39. Bxg3 hxg3 40. Qd4 Qe6 41. Bf1 g6 42. Qe5 Qxe5 43. Nxe5 Bxb4 44. Nc6 Bd6 45. Bd3 Kg7 46. Bc2 f5 47. Kg1 Bc5+ 48. Kf1 Kf6 49. Ke2 Ke6 50. Kd3 Kd6 51. Nd4 Bb6 52. Bb3 Ke5 53. Ne2 d4 54. f4+ Kf6 55. Nxg3 Bc7 56. Ne2 Bb8 57. Kxd4 Ba7+ 58. Kd5 Bb8 59. Bc2 Ba7 60. h4 Bb8 61. g3 Ba7 62. Kd6 Bf2 63. Kd7 Be1 64. Bb3 Bf2 65. Ke8 Bc5 66. Ba4 Bb4 67. Bb3 Bc5 68. Kd7 Bf2 69. Bd5 Be1 70. Bf3 Bf2 71. Kd6 Be1 72. Kd5 Bb4 73. h5 Bf8 74. hxg6 Kxg6 75. Ke6 Bg7 76. Bd5 Bb2 77. Bf3 Ba3 78. Bd5 Bc5 79. Bc4 Bf2 80. Bd3 Kh5 81. Bxf5 Kh6 82. Ke5 Kh5 83. Ke4 Be1 84. g4+ Kh4 85. g5 Bb4 86. Nd4 Bf8 87. Nf3+ Kh5 88. Ne5 Bg7 89. Bg6+ Kh4 90. Bf7 1-0


[Site "https://www.chess.com"]

[Event "Titled Tuesday Blitz June 20 Early 2023"]
[White "MaryanKyrychenko"]
[Black "Samaganova, Aleksandra"]
[BlackFideId "13800221"]
[WhiteElo "2516"]
[BlackElo "1858"]
[Result "1-0"]
[Round "2"]
[TimeControl "180+2"]
[Date "2023.06.20"]
[WhiteClock "0:00:13"]
[BlackClock "0:00:03"]
[Board "179"]

1. e4 c5 2. Nc3 e6 3. f4 a6 4. Nf3 b5 5. Be2 Bb7 6. d3 Qc7 7. O-O Nf6 8. e5 Nd5 9. Ne4 d6 10. c4 Nb6 11. cxb5 axb5 12. exd6 Bxd6 13. Be3 Nd5 14. Qd2 Nd7 15. Ne5 Bxe5 16. fxe5 Nxe3 17. Nd6+ Kd8 18. Nxf7+ Kc8 19. Qxe3 Rf8 20. Rac1 Kb8 21. a3 Bd5 22. Nd6 Rxf1+ 23. Rxf1 Qc6 24. Rf7 Kc7 25. Bf3 Rf8 26. Bxd5 Qxd5 27. Rxf8 Nxf8 28. Nxb5+ Kb6 29. Nd6 Nd7 30. b4 Kc6 31. bxc5 Nxc5 32. d4 Na6 33. Qc3+ Kd7 34. Qc8+ Ke7 35. Qe8# 1-0


[Site "https://www.chess.com"]